AoeStats
← Der Sprudel

Arabia

507242279Analyzed
1v1 RM · 15d ago on Sep 17, 2026· 65m 54s· 2 players
Game mode
Random Map
Map size
Tiny (2 player)
Population
200
Speed
Normal
Resources
Standard
Victory
Conquest
Starting age
Dark Age
Ending age
Imperial Age
RankedLock teamsTeams togetherTeam positionsShared explorationLock speedFull tech treeHidden civsTurbo modeCheats
Victory
Defeat
🇨🇳 Vietnamese · China
1341
+12
🇩🇪 Persians · Germany
1259
-12
Der Sprudel
9:34 Loom
11:52 Feudal Age
15:39 Castle Age
15:30 Scale Barding Armor
15:58 Double-Bit Axe
16:24 Horse Collar
24:07 Bow Saw
27:37 Wheelbarrow
27:01 Gold Mining
28:52 Bloodlines
28:48 Devotion
30:11 Forging
30:54 Husbandry
31:52 Fletching
39:11 Imperial Age
36:58 Hand Cart
36:31 Town Watch
37:05 Hand Cart
37:20 Chain Barding Armor
38:57 Stone Mining
40:02 Iron Casting
40:18 Plate Barding Armor
40:35 Cavalier
42:49 Stone Shaft Mining
44:21 Hoardings
48:37 Bodkin Arrow
49:53 Gold Shaft Mining
49:18 Elite Skirmisher
50:05 Thumb Ring
50:24 Conscription
51:06 Light Cavalry
52:18 Padded Archer Armor
53:19 Blast Furnace
54:43 Ballistics
55:24 Chemistry
55:51 Two-Man Saw
58:40 Kamandaran
59:56 Murder Holes
60:12 Masonry
60:16 Citadels
60:50 Citadels
61:48 Crossbowman
涅槃重生
6:49 Loom
9:36 Feudal Age
12:48 Wheelbarrow
13:13 Double-Bit Axe
13:10 Horse Collar
23:31 Castle Age
22:13 Gold Mining
22:46 Scale Mail Armor
23:49 Forging
24:28 Bow Saw
24:22 Heavy Plow
26:49 Iron Casting
26:34 Squires
26:20 Arson
26:30 Town Watch
27:08 Pikeman
34:49 Hand Cart
37:02 Fletching
37:30 Chain Mail Armor
41:30 Imperial Age
39:14 Fletching
42:55 Plate Mail Armor
42:21 Bodkin Arrow
42:12 Capped Ram
44:19 Halberdier
48:23 Bracer
48:24 Padded Archer Armor
49:31 Crop Rotation
50:05 Elite Fire Lancer
53:36 Scale Barding Armor
53:47 Leather Archer Armor
59:37 Chain Barding Armor
59:48 Ring Archer Armor
61:39 Town Patrol
63:13 Plate Barding Armor
62:51 Bloodlines
62:41 Husbandry
63:33 Light Cavalry
66:42 Chemistry
66:03 Ballistics
Connection lost

Rejoining the realm…

Still unreachable

The connection could not be restored.

Session expired

The server has moved on; the page needs a fresh start.